Jets vs Lightning
Created - April 17, 2018 at 19:01
Goals
|
Jets |
0 |
1 |
2 |
3 |
Lightning |
1 |
1 |
2 |
4 |
|
Shots
|
Jets |
15 |
8 |
11 |
34 |
Lightning |
10 |
18 |
6 |
34 |
|
1st period
1. Lightning , Steve Bernier 13 (Brent Burns 26) at 18:58 (PP)
Penalties :
Loui Eriksson (TB.) for Roughing (Minor) at 6:25, Pierre-Luc Létourneau (TB.) for Holding (Minor) at 13:05, Marco Scandella (Win) for Holding (Minor) at 17:14
2nd period
2. Jets , Derek Roy 34 (Marco Scandella 47, Shea Weber 32) at 4:40
3. Lightning , Kris Versteeg 30 (Robert Nilsson 50, Steve McCarthy 3) at 15:35
Penalties :
Loui Eriksson (TB.) for Roughing (Minor) at 12:25
3rd period
4. Lightning , Pierre-Marc Bouchard 21 (Steve Bernier 18, Daniel Carcillo 10) at 2:59
5. Jets , Devin Setoguchi 22 (Alexander Frolov 27, Derek Stepan 40) at 4:18
6. Lightning , Sheldon Keefe 10 (John Carlson 32, Jordan Nolan 21) at 9:06
7. Jets , Benoit Pouliot 52 (Derek Roy 64) at 12:03
Penalties :
Kevin Klein (Win) for Tripping (Minor) at 6:16, Justin Schultz (TB.) for Goalie Interference (Minor) at 13:37, Brent Burns (TB.) for Hooking (Minor) at 13:49
Goalie Stats
Kari Lehtonen (Win), 30 saves from 34 shots - (0.882), L, 30-17-2, 59:49 minutes
Jaroslav Halak (TB.), 31 saves from 34 shots - (0.912), W, 29-30-9, 60:00 minutes
Players Stats for Jets
Player Name G A P +/- PIM S H SB GA TA FO MP PP MP PK MP
------------------------------------------------------------------------------------
Alexander Frolov 0 1 1 1 0 0 1 0 0 0 0/0 15:56 3:31 1:32
Anton Volchenkov 0 0 0 -2 0 2 2 0 0 0 0/0 17:17 0:00 2:10
Benoit Pouliot 1 0 1 0 0 5 1 0 1 0 0/0 20:37 4:37 0:17
Derek Roy 1 1 2 0 0 4 3 0 0 1 16/29 20:39 4:37 0:19
Derek Stepan 0 1 1 1 0 1 0 0 0 0 5/10 14:24 3:31 0:00
Devin Setoguchi 1 0 1 1 0 4 0 0 2 0 0/2 14:24 3:31 0:00
Dustin Brown 0 0 0 -1 0 3 0 1 0 0 2/2 22:57 4:36 1:54
Eric Gelinas 0 0 0 0 0 1 0 2 1 2 0/0 20:04 3:45 1:50
Erik Haula 0 0 0 -1 0 6 1 0 0 1 2/3 12:22 0:00 1:40
James Wright 0 0 0 0 0 0 0 0 0 0 5/9 9:51 0:00 0:00
Joe Colborne 0 0 0 0 0 3 1 0 0 0 3/8 11:30 0:00 0:39
Josh Bailey 0 0 0 0 0 0 0 0 0 0 0/0 9:51 0:00 0:00
Justin Falk 0 0 0 1 0 0 0 0 0 0 0/0 16:47 3:45 0:36
Kevin Klein 0 0 0 0 2 0 1 0 0 0 0/0 12:56 0:00 0:00
Lee Stempniak 0 0 0 0 0 1 0 0 1 0 0/0 11:56 0:00 1:05
Marco Scandella 0 1 1 0 2 2 1 3 0 0 0/0 26:16 4:23 1:02
Marcus Johansson 0 0 0 -1 0 0 0 2 0 0 0/0 11:41 0:01 0:00
Shea Weber 0 1 1 1 0 2 1 0 0 1 0/0 26:47 4:23 1:48
Players Stats for Lightning
Player Name G A P +/- PIM S H SB GA TA FO MP PP MP PK MP
------------------------------------------------------------------------------------
Andy Rogers 0 0 0 -1 0 0 1 3 0 0 0/0 20:39 0:38 3:19
Brent Burns 0 1 1 0 2 0 1 3 0 0 0/0 24:59 3:05 3:36
Daniel Carcillo 0 1 1 0 0 1 1 0 0 0 1/1 19:21 2:16 0:51
Davis Drewiske 0 0 0 0 0 0 0 0 0 0 0/0 4:21 0:00 1:12
Henrik Zetterberg 0 0 0 -2 0 3 0 1 0 1 5/10 25:50 1:27 4:18
Jeff Schultz 0 0 0 0 0 1 1 2 0 2 0/0 28:53 3:05 5:05
John Carlson 0 1 1 -1 0 5 0 2 1 0 0/0 18:42 0:38 3:03
Jordan Nolan 0 1 1 1 0 1 4 0 0 0 3/3 11:42 0:00 0:10
Justin Schultz 0 0 0 1 2 0 0 0 1 0 0/0 12:23 0:00 0:12
Kris Versteeg 1 0 1 0 0 4 2 0 0 1 1/3 18:21 1:27 1:49
Loui Eriksson 0 0 0 2 4 1 0 1 0 0 1/1 11:57 0:00 0:00
Pierre-Luc Létourneau 0 0 0 -1 2 0 0 0 0 0 1/3 5:11 0:00 0:00
Pierre-Marc Bouchard 1 0 1 0 0 9 2 0 2 0 5/12 19:37 2:16 1:49
Reilly Smith 0 0 0 -1 0 0 1 0 0 0 0/0 5:17 0:00 0:00
Robert Nilsson 0 1 1 0 0 4 1 0 1 0 11/28 20:24 1:27 3:39
Sheldon Keefe 1 0 1 1 0 1 1 1 0 0 2/2 13:16 0:00 1:41
Steve Bernier 1 1 2 0 0 4 1 1 0 1 0/0 17:48 2:16 0:00
Steve McCarthy 0 1 1 1 0 0 0 2 0 0 0/0 11:19 0:00 0:00
3 Stars
1 - Derek Roy (Win)
2 - Steve Bernier (TB.)
3 - Sheldon Keefe (TB.)
Power Play
Jets - 0 on 5 Attempt(s) - 0.00%
Lightning - 1 on 2 Attempt(s) - 50.00%
Penalty Kill
Jets - 1 on 2 Attempt(s) - 50.00%
- Score 0 goal in Penalty Kill
Lightning - 5 on 5 Attempt(s) - 100.00%
- Score 0 goal in Penalty Kill
Team Stat
Jets - Hits : 12 - Faceoff Wins : 33 - Blocked Shots : 8 - Penalty Minutes : 4
Lightning - Hits : 16 - Faceoff Wins : 30 - Blocked Shots : 16 - Penalty Minutes : 10
Official
Referees : Ciamaga Chris and VanMassenhoven Don
Linesman : Brian Mach and Tim Nowak
Game Notes
4:18 of 3rd period - Jets goal is going for a video replay. After video review, Goal.
Finance
Level 1 -- Attendance: 3994 (66.57%) -- Ticket Income $459,310
Level 2 -- Attendance: 3317 (66.34%) -- Ticket Income $212,288
Level 3 -- Attendance: 1306 (65.30%) -- Ticket Income $57,464
Level 4 -- Attendance: 2053 (51.33%) -- Ticket Income $82,120
Luxury Box -- Attendance: 642 (64.20%) -- Ticket Income $138,030
Game was played at the Tampa Bay Stadium.
Total Attendance: 11312 (62.84%)
Total Ticket Income: $949,212
Other Income: $142,382
Total Income: $1,091,594
Jets
5 vs 5 Forward
Center Left Wing Right Wing Time % Phy DF OF
1 Derek Roy Benoit Pouliot Dustin Brown 40 1 2 2
2 Derek Stepan Alexander Frolov Devin Setoguchi 25 1 2 2
3 Joe Colborne Marcus Johansson Lee Stempniak 20 0 3 2
4 James Wright Erik Haula Josh Bailey 15 1 2 2
5 vs 5 Defense
Defense Defense Time % Phy DF OF
1 Shea Weber Marco Scandella 40 1 3 1
2 Anton Volchenkov Eric Gelinas 30 1 2 2
3 Justin Falk Kevin Klein 25 1 2 2
4 Shea Weber Marco Scandella 5 1 2 2
PowerPlay Forward
Center Left Wing Right Wing Time % Phy DF OF
1 Derek Roy Benoit Pouliot Dustin Brown 60 1 0 4
2 Derek Stepan Alexander Frolov Devin Setoguchi 40 1 2 2
PowerPlay Defense
Defense Defense Time % Phy DF OF
1 Marco Scandella Shea Weber 55 1 1 3
2 Eric Gelinas Justin Falk 45 0 1 4
Penalty Kill 4 Players Forward
Center Wing Time % Phy DF OF
1 Erik Haula Dustin Brown 60 1 2 2
2 Joe Colborne Alexander Frolov 40 1 2 2
Penalty Kill 4 Players Defense
Defense Defense Time % Phy DF OF
1 Marco Scandella Anton Volchenkov 60 1 2 2
2 Eric Gelinas Shea Weber 40 1 2 2
Penalty Kill - 3 Players Forward
Forward Time % Phy DF OF
1 Erik Haula 60 1 2 2
2 Alexander Frolov 40 1 2 2
Penalty Kill - 3 Players Defense
Defense Defense Time % Phy DF OF
1 Shea Weber Anton Volchenkov 60 1 2 2
2 Eric Gelinas Marco Scandella 40 1 2 2
4 vs 4 Forward
Center Wing Time % Phy DF OF
1 Derek Stepan Devin Setoguchi 60 1 2 2
2 Derek Roy Benoit Pouliot 40 1 2 2
4 vs 4 Defense
Defense Defense Time % Phy DF OF
1 Shea Weber Marco Scandella 60 1 2 2
2 Anton Volchenkov Eric Gelinas 40 1 2 2
Last Minutes Offensive
Center Left Wing Right Wing Defense Defense
Derek Roy Benoit Pouliot Dustin Brown Shea Weber Marco Scandella
Last Minutes Defensive
Center Left Wing Right Wing Defense Defense
Derek Roy Erik Haula Dustin Brown Shea Weber Marco Scandella
Goaltenders
Starting : Kari Lehtonen
Backup : Jacob Markstrom
Extra Forwards
Normal : Marcus Johansson, Derek Roy, Lee Stempniak - PP : Marcus Johansson, Derek Roy - PK : Lee Stempniak
Extra Defensemen
Normal : Eric Gelinas, Shea Weber, Justin Falk - PP : Eric Gelinas - PK : Shea Weber, Justin Falk
Penalty Shots
Derek Roy, Benoit Pouliot, Devin Setoguchi, Lee Stempniak, Marcus Johansson
Scratches
Fredrik Sjostrom (Healthy), Michael Rupp (Healthy), Tyler Myers (Abdomen/Ribs Injury)
Lightning
5 vs 5 Forward
Center Left Wing Right Wing Time % Phy DF OF
1 Robert Nilsson Henrik Zetterberg Kris Versteeg 40 1 2 2
2 Pierre-Marc Bouchard Daniel Carcillo Steve Bernier 30 1 2 2
3 Jordan Nolan Loui Eriksson Sheldon Keefe 20 1 2 2
4 Henrik Zetterberg Pierre-Luc Létourneau Reilly Smith 10 1 2 2
5 vs 5 Defense
Defense Defense Time % Phy DF OF
1 Jeff Schultz Brent Burns 40 1 2 2
2 John Carlson Andy Rogers 30 1 2 2
3 Steve McCarthy Justin Schultz 20 1 2 2
4 Davis Drewiske Jeff Schultz 10 1 2 2
PowerPlay Forward
Center Left Wing Right Wing Time % Phy DF OF
1 Robert Nilsson Henrik Zetterberg Kris Versteeg 60 1 2 2
2 Pierre-Marc Bouchard Daniel Carcillo Steve Bernier 40 1 2 2
PowerPlay Defense
Defense Defense Time % Phy DF OF
1 Jeff Schultz Brent Burns 60 1 2 2
2 John Carlson Andy Rogers 40 1 2 2
Penalty Kill 4 Players Forward
Center Wing Time % Phy DF OF
1 Henrik Zetterberg Robert Nilsson 60 1 2 2
2 Kris Versteeg Pierre-Marc Bouchard 40 1 2 2
Penalty Kill 4 Players Defense
Defense Defense Time % Phy DF OF
1 Jeff Schultz Brent Burns 60 1 2 2
2 John Carlson Andy Rogers 40 1 2 2
Penalty Kill - 3 Players Forward
Forward Time % Phy DF OF
1 Henrik Zetterberg 60 1 2 2
2 Robert Nilsson 40 1 2 2
Penalty Kill - 3 Players Defense
Defense Defense Time % Phy DF OF
1 Jeff Schultz Brent Burns 60 1 2 2
2 John Carlson Andy Rogers 40 1 2 2
4 vs 4 Forward
Center Wing Time % Phy DF OF
1 Henrik Zetterberg Robert Nilsson 60 1 2 2
2 Kris Versteeg Pierre-Marc Bouchard 40 1 2 2
4 vs 4 Defense
Defense Defense Time % Phy DF OF
1 Jeff Schultz Brent Burns 60 1 2 2
2 John Carlson Andy Rogers 40 1 2 2
Last Minutes Offensive
Center Left Wing Right Wing Defense Defense
Robert Nilsson Henrik Zetterberg Kris Versteeg Jeff Schultz Brent Burns
Last Minutes Defensive
Center Left Wing Right Wing Defense Defense
Robert Nilsson Henrik Zetterberg Kris Versteeg Jeff Schultz Brent Burns
Goaltenders
Starting : Jaroslav Halak
Backup : Adam Munro
Extra Forwards
Normal : Jordan Nolan, Loui Eriksson, Sheldon Keefe - PP : Jordan Nolan, Loui Eriksson - PK : Sheldon Keefe
Extra Defensemen
Normal : Steve McCarthy, Justin Schultz, Davis Drewiske - PP : Steve McCarthy - PK : Justin Schultz, Davis Drewiske
Penalty Shots
Henrik Zetterberg, Robert Nilsson, Kris Versteeg, Pierre-Marc Bouchard, Jordan Nolan
Scratches
Danny Richmond (Lacerated Left Calf Injury), Mikael Backlund (Abdominal Strain Injury)
% Time on Ice - Jets
Lines # - Real PCT - Wanted PCT - Time Play
Normal Forward
1 - 33% - 40% - 15:26
2 - 23% - 25% - 10:53
3 - 23% - 20% - 10:51
4 - 21% - 15% - 9:51
Normal Defense
1 - 41% - 40% - 19:15
2 - 31% - 30% - 14:29
3 - 27% - 25% - 12:48
4 - 1% - 5% - 0:29
PP Forward
1 - 57% - 60% - 4:37
2 - 43% - 40% - 3:31
PP Defense
1 - 54% - 55% - 4:23
2 - 46% - 45% - 3:45
PK Forward
1 - 83% - 60% - 3:04
2 - 17% - 40% - 0:39
PK Defense
1 - 74% - 60% - 2:46
2 - 26% - 40% - 0:57
PK3 Forward
1 - 0% - 60%
2 - 0% - 40%
PK3 Defense
1 - 0% - 60%
2 - 0% - 40%
44 Forward
1 - 0% - 60%
2 - 0% - 40%
44 Defense
1 - 0% - 60%
2 - 0% - 40%
Last Minute Offensive - 1:08
Last Minute Defensive - 0:00
Total
Forward - 60:00
Defense - 60:00
|
% Time on Ice - Lightning
Lines # - Real PCT - Wanted PCT - Time Play
Normal Forward
1 - 33% - 40% - 15:19
2 - 34% - 30% - 16:09
3 - 22% - 20% - 10:33
4 - 11% - 10% - 4:59
Normal Defense
1 - 39% - 40% - 18:20
2 - 32% - 30% - 15:01
3 - 24% - 20% - 11:16
4 - 5% - 10% - 2:23
PP Forward
1 - 39% - 60% - 1:27
2 - 61% - 40% - 2:16
PP Defense
1 - 83% - 60% - 3:05
2 - 17% - 40% - 0:38
PK Forward
1 - 71% - 60% - 4:32
2 - 29% - 40% - 1:49
PK Defense
1 - 60% - 60% - 3:49
2 - 40% - 40% - 2:32
PK3 Forward
1 - 81% - 60% - 1:27
2 - 19% - 40% - 0:20
PK3 Defense
1 - 71% - 60% - 1:16
2 - 29% - 40% - 0:31
44 Forward
1 - 0% - 60%
2 - 0% - 40%
44 Defense
1 - 0% - 60%
2 - 0% - 40%
Last Minute Offensive - 0:00
Last Minute Defensive - 1:09
Total
Forward - 60:00
Defense - 60:00
|
Play by Play
1st period
0:01 of 1st period - Dustin Brown wins face-off versus Robert Nilsson in neutral zone.
0:10 of 1st period - Slapshot by Henrik Zetterberg.
0:10 of 1st period - Shot Blocked by Marco Scandella.
0:29 of 1st period - Icing by Brent Burns.
0:30 of 1st period - Derek Stepan wins face-off versus Pierre-Marc Bouchard in Lightning zone.
1:07 of 1st period - Wrist shot by Pierre-Marc Bouchard.
1:07 of 1st period - Shot Misses the Net.
1:09 of 1st period - Snap shot by Pierre-Marc Bouchard.
1:09 of 1st period - Shot Misses the Net.
1:19 of 1st period - Snap shot by Pierre-Marc Bouchard.
1:19 of 1st period - Stopped by Kari Lehtonen without a rebound.
1:20 of 1st period - Sheldon Keefe wins face-off versus Joe Colborne in Jets zone.
1:45 of 1st period - John Carlson is hit by Kevin Klein.
1:55 of 1st period - Snap shot by Henrik Zetterberg.
1:55 of 1st period - Stopped by Kari Lehtonen without a rebound.
1:56 of 1st period - James Wright wins face-off versus Pierre-Luc Létourneau in Jets zone.
2:11 of 1st period - Wrist shot by Erik Haula.
2:11 of 1st period - Stopped by Jaroslav Halak with a rebound.
2:28 of 1st period - Icing by Shea Weber.
2:29 of 1st period - Robert Nilsson wins face-off versus Derek Roy in Jets zone.
3:00 of 1st period - Wrist shot by Benoit Pouliot.
3:00 of 1st period - Shot Misses the Net.
3:02 of 1st period - Wrist shot by Derek Roy.
3:02 of 1st period - Shot Misses the Net.
3:04 of 1st period - Wrist shot by Shea Weber.
3:04 of 1st period - Shot Blocked by Sheldon Keefe.
3:08 of 1st period - Snap shot by Benoit Pouliot.
3:08 of 1st period - Shot Misses the Net.
3:10 of 1st period - Slapshot by Marco Scandella.
3:10 of 1st period - Shot Blocked by Loui Eriksson.
3:12 of 1st period - Slapshot by Shea Weber.
3:12 of 1st period - Stopped by Jaroslav Halak without a rebound.
3:13 of 1st period - Robert Nilsson wins face-off versus Joe Colborne in Lightning zone.
3:43 of 1st period - Slapshot by Anton Volchenkov.
3:43 of 1st period - Deflect By Erik Haula.
3:43 of 1st period - Shot Misses the Net.
3:43 of 1st period - Puck is out of play.
3:44 of 1st period - James Wright wins face-off versus Robert Nilsson in Lightning zone.
3:59 of 1st period - Wrist shot by Kris Versteeg.
3:59 of 1st period - Shot Misses the Net.
4:09 of 1st period - Slapshot by Marcus Johansson.
4:09 of 1st period - Shot Blocked by Steve McCarthy.
4:30 of 1st period - Eric Gelinas is hit by Steve Bernier and loses puck.
4:37 of 1st period - Slapshot by Pierre-Marc Bouchard.
4:37 of 1st period - Stopped by Kari Lehtonen with a rebound.
4:39 of 1st period - Slapshot by Justin Schultz.
4:39 of 1st period - Shot Blocked by Eric Gelinas.
4:41 of 1st period - Wrist shot by Steve Bernier.
4:41 of 1st period - Shot Hit the Post.
4:47 of 1st period - Wrist shot by Steve Bernier.
4:47 of 1st period - Shot Misses the Net.
4:49 of 1st period - Slapshot by Steve McCarthy.
4:49 of 1st period - Shot Blocked by Eric Gelinas.
4:51 of 1st period - Snap shot by Pierre-Marc Bouchard.
4:51 of 1st period - Shot Blocked by Marcus Johansson.
4:53 of 1st period - Snap shot by Pierre-Marc Bouchard.
4:53 of 1st period - Shot Misses the Net.
5:22 of 1st period - Off-side.
5:23 of 1st period - Derek Roy wins face-off versus Kris Versteeg in neutral zone.
5:28 of 1st period - Slapshot by Dustin Brown.
5:28 of 1st period - Stopped by Jaroslav Halak without a rebound.
5:29 of 1st period - Robert Nilsson wins face-off versus Derek Roy in Lightning zone.
5:36 of 1st period - Marco Scandella is hit by Jeff Schultz and loses puck.
5:45 of 1st period - Robert Nilsson is hit by Derek Roy.
6:16 of 1st period - Wrist shot by Benoit Pouliot.
6:16 of 1st period - Stopped by Jaroslav Halak with a rebound.
6:18 of 1st period - Snap shot by Derek Roy.
6:18 of 1st period - Shot Misses the Net.
6:20 of 1st period - Slapshot by Marco Scandella.
6:20 of 1st period - Shot Blocked by Henrik Zetterberg.
6:22 of 1st period - Slapshot by Shea Weber.
6:22 of 1st period - Stopped by Jaroslav Halak without a rebound.
6:23 of 1st period - Jordan Nolan wins face-off versus Derek Stepan in Lightning zone.
6:25 of 1st period - Minor Penalty to Loui Eriksson for Roughing.
6:26 of 1st period - Henrik Zetterberg wins face-off versus Devin Setoguchi in Lightning zone.
8:25 of 1st period - Penalty to Loui Eriksson is over, Loui Eriksson is back on ice.
8:57 of 1st period - Wrist shot by Pierre-Marc Bouchard.
8:57 of 1st period - Stopped by Kari Lehtonen without a rebound.
8:58 of 1st period - Henrik Zetterberg wins face-off versus Joe Colborne in Jets zone.
9:41 of 1st period - Wrist shot by Marcus Johansson.
9:41 of 1st period - Shot Misses the Net.
9:43 of 1st period - Snap shot by Anton Volchenkov.
9:43 of 1st period - Stopped by Jaroslav Halak without a rebound.
9:44 of 1st period - Robert Nilsson wins face-off versus Derek Roy in Lightning zone.
10:32 of 1st period - Snap shot by Steve Bernier.
10:32 of 1st period - Stopped by Kari Lehtonen without a rebound.
10:33 of 1st period - Derek Roy wins face-off versus Pierre-Marc Bouchard in Jets zone.
10:45 of 1st period - Snap shot by Derek Roy.
10:45 of 1st period - Shot Blocked by John Carlson.
10:47 of 1st period - Slapshot by Justin Falk.
10:47 of 1st period - Shot Misses the Net.
10:49 of 1st period - Wrist shot by Benoit Pouliot.
10:49 of 1st period - Shot Misses the Net.
11:28 of 1st period - Wrist shot by Devin Setoguchi.
11:28 of 1st period - Stopped by Jaroslav Halak with a rebound.
11:57 of 1st period - Anton Volchenkov is hit by Andy Rogers and loses puck.
12:14 of 1st period - Slapshot by Dustin Brown.
12:14 of 1st period - Shot Misses the Net.
12:16 of 1st period - Backhand shot by Marco Scandella.
12:16 of 1st period - Stopped by Jaroslav Halak with a rebound.
12:18 of 1st period - Snap shot by Benoit Pouliot.
12:18 of 1st period - Stopped by Jaroslav Halak with a rebound.
12:20 of 1st period - Snap shot by Marco Scandella.
12:20 of 1st period - Shot Misses the Net.
12:40 of 1st period - Slapshot by Henrik Zetterberg.
12:40 of 1st period - Shot Blocked by Marco Scandella.
12:42 of 1st period - Wrist shot by Kris Versteeg.
12:42 of 1st period - Shot Blocked by Marcus Johansson.
12:54 of 1st period - Wrist shot by Derek Stepan.
12:54 of 1st period - Stopped by Jaroslav Halak with a rebound.
13:05 of 1st period - Minor Penalty to Pierre-Luc Létourneau for Holding.
13:06 of 1st period - Henrik Zetterberg wins face-off versus Derek Roy in Lightning zone.
13:16 of 1st period - Slapshot by Henrik Zetterberg.
13:16 of 1st period - Shot Blocked by Dustin Brown.
13:34 of 1st period - Snap shot by Devin Setoguchi.
13:34 of 1st period - Stopped by Jaroslav Halak without a rebound.
13:35 of 1st period - Kris Versteeg wins face-off versus Derek Roy in Lightning zone.
13:48 of 1st period - Snap shot by Dustin Brown.
13:48 of 1st period - Stopped by Jaroslav Halak without a rebound.
13:49 of 1st period - Derek Roy wins face-off versus Henrik Zetterberg in Lightning zone.
14:00 of 1st period - Slapshot by Derek Roy.
14:00 of 1st period - Shot Misses the Net.
15:05 of 1st period - Penalty to Pierre-Luc Létourneau is over, Pierre-Luc Létourneau is back on ice.
15:17 of 1st period - Snap shot by Robert Nilsson.
15:17 of 1st period - Stopped by Kari Lehtonen without a rebound.
15:18 of 1st period - Pierre-Marc Bouchard wins face-off versus James Wright in Jets zone.
15:19 of 1st period - Wrist shot by Steve Bernier.
15:19 of 1st period - Stopped by Kari Lehtonen with a rebound.
15:21 of 1st period - Snap shot by Daniel Carcillo.
15:21 of 1st period - Stopped by Kari Lehtonen without a rebound.
15:22 of 1st period - James Wright wins face-off versus Pierre-Marc Bouchard in Jets zone.
15:37 of 1st period - Slapshot by Shea Weber.
15:37 of 1st period - Shot Misses the Net.
15:50 of 1st period - Off-side.
15:51 of 1st period - Loui Eriksson wins face-off versus Derek Roy in neutral zone.
16:22 of 1st period - Justin Falk is hit by Pierre-Marc Bouchard and loses puck.
16:34 of 1st period - Icing by Pierre-Marc Bouchard.
16:35 of 1st period - James Wright wins face-off versus Robert Nilsson in Lightning zone.
16:46 of 1st period - Snap shot by Erik Haula.
16:46 of 1st period - Shot Blocked by Andy Rogers.
16:48 of 1st period - Slapshot by Eric Gelinas.
16:48 of 1st period - Deflect By John Carlson.
16:48 of 1st period - Stopped by Jaroslav Halak with a rebound.
16:50 of 1st period - Backhand shot by Anton Volchenkov.
16:50 of 1st period - Stopped by Jaroslav Halak with a rebound.
17:10 of 1st period - Snap shot by Pierre-Marc Bouchard.
17:10 of 1st period - Stopped by Kari Lehtonen without a rebound.
17:11 of 1st period - Derek Stepan wins face-off versus Robert Nilsson in Jets zone.
17:11 of 1st period - Derek Stepan is hit by Robert Nilsson.
17:14 of 1st period - Minor Penalty to Marco Scandella for Holding.
17:15 of 1st period - Erik Haula wins face-off versus Robert Nilsson in Jets zone.
18:58 of 1st period - Slapshot by Brent Burns.
18:58 of 1st period - Deflect By Steve Bernier.
18:58 of 1st period - Goal by Steve Bernier - Jets : 0 - Lightning : 1.
18:59 of 1st period - Derek Roy wins face-off versus Robert Nilsson in neutral zone.
19:04 of 1st period - Wrist shot by Benoit Pouliot.
19:04 of 1st period - Stopped by Jaroslav Halak with a rebound.
19:28 of 1st period - Shea Weber is hit by Sheldon Keefe and loses puck.
19:48 of 1st period - Off-side.
19:49 of 1st period - Joe Colborne wins face-off versus Henrik Zetterberg in neutral zone.
Goals for this period are 0 for Jets vs 1 for Lightning .
Shots for this period are 15 for Jets vs 10 for Lightning .
2nd period
0:01 of 2nd period - Derek Roy wins face-off versus Robert Nilsson in neutral zone.
0:06 of 2nd period - Snap shot by Derek Roy.
0:06 of 2nd period - Stopped by Jaroslav Halak without a rebound.
0:07 of 2nd period - Derek Roy wins face-off versus Robert Nilsson in Lightning zone.
0:38 of 2nd period - Wrist shot by Robert Nilsson.
0:38 of 2nd period - Shot Misses the Net.
0:46 of 2nd period - Wrist shot by Benoit Pouliot.
0:46 of 2nd period - Shot Blocked by Brent Burns.
0:48 of 2nd period - Backhand shot by Derek Roy.
0:48 of 2nd period - Stopped by Jaroslav Halak without a rebound.
0:49 of 2nd period - Derek Stepan wins face-off versus Pierre-Marc Bouchard in Lightning zone.
1:36 of 2nd period - Off-side.
1:37 of 2nd period - Pierre-Luc Létourneau wins face-off versus Joe Colborne in neutral zone.
1:42 of 2nd period - Slapshot by Henrik Zetterberg.
1:42 of 2nd period - Shot Misses the Net.
2:02 of 2nd period - Reilly Smith is hit by Anton Volchenkov and loses puck.
2:33 of 2nd period - Wrist shot by Derek Roy.
2:33 of 2nd period - Shot Blocked by Jeff Schultz.
2:35 of 2nd period - Slapshot by Dustin Brown.
2:35 of 2nd period - Shot Blocked by Brent Burns.
2:51 of 2nd period - Anton Volchenkov is hit by Brent Burns and loses puck.
3:06 of 2nd period - Andy Rogers is hit by Joe Colborne and loses puck.
3:25 of 2nd period - Wrist shot by Steve Bernier.
3:25 of 2nd period - Stopped by Kari Lehtonen with a rebound.
4:00 of 2nd period - Snap shot by Derek Stepan.
4:00 of 2nd period - Shot Misses the Net.
4:10 of 2nd period - Slapshot by Josh Bailey.
4:10 of 2nd period - Deflect By Erik Haula.
4:10 of 2nd period - Stopped by Jaroslav Halak without a rebound.
4:11 of 2nd period - James Wright wins face-off versus Robert Nilsson in Lightning zone.
4:36 of 2nd period - Slapshot by Marco Scandella.
4:36 of 2nd period - Stopped by Jaroslav Halak with a rebound.
4:38 of 2nd period - Wrist shot by Marco Scandella.
4:38 of 2nd period - Shot Blocked by Steve McCarthy.
4:40 of 2nd period - Snap shot by Derek Roy.
4:40 of 2nd period - Goal by Derek Roy - Jets : 1 - Lightning : 1.
4:41 of 2nd period - Robert Nilsson wins face-off versus Derek Roy in neutral zone.
6:37 of 2nd period - Snap shot by Derek Stepan.
6:37 of 2nd period - Shot Misses the Net.
7:19 of 2nd period - Wrist shot by Steve Bernier.
7:19 of 2nd period - Shot Misses the Net.
7:39 of 2nd period - Snap shot by Loui Eriksson.
7:39 of 2nd period - Stopped by Kari Lehtonen without a rebound.
7:40 of 2nd period - Jordan Nolan wins face-off versus Derek Stepan in Jets zone.
7:53 of 2nd period - Wrist shot by Jordan Nolan.
7:53 of 2nd period - Stopped by Kari Lehtonen without a rebound.
7:54 of 2nd period - Derek Roy wins face-off versus Robert Nilsson in Jets zone.
8:21 of 2nd period - Pierre-Marc Bouchard is hit by Alexander Frolov and loses puck.
9:12 of 2nd period - Wrist shot by Pierre-Marc Bouchard.
9:12 of 2nd period - Stopped by Kari Lehtonen without a rebound.
9:13 of 2nd period - Robert Nilsson wins face-off versus Derek Roy in Jets zone.
9:25 of 2nd period - Off-side.
9:26 of 2nd period - Derek Roy wins face-off versus Robert Nilsson in neutral zone.
10:24 of 2nd period - Snap shot by Henrik Zetterberg.
10:24 of 2nd period - Shot Misses the Net.
10:33 of 2nd period - Off-side.
10:34 of 2nd period - Pierre-Marc Bouchard wins face-off versus James Wright in neutral zone.
10:56 of 2nd period - James Wright is hit by Pierre-Marc Bouchard and loses puck.
11:17 of 2nd period - Slapshot by Erik Haula.
11:17 of 2nd period - Shot Misses the Net.
11:19 of 2nd period - Snap shot by Erik Haula.
11:19 of 2nd period - Stopped by Jaroslav Halak with a rebound.
11:21 of 2nd period - Slapshot by Erik Haula.
11:21 of 2nd period - Stopped by Jaroslav Halak with a rebound.
11:23 of 2nd period - Wrist shot by Shea Weber.
11:23 of 2nd period - Deflect By Erik Haula.
11:23 of 2nd period - Stopped by Jaroslav Halak without a rebound.
11:24 of 2nd period - Robert Nilsson wins face-off versus Derek Roy in Lightning zone.
11:30 of 2nd period - Off-side.
11:31 of 2nd period - Robert Nilsson wins face-off versus Derek Roy in neutral zone.
11:52 of 2nd period - Snap shot by Robert Nilsson.
11:52 of 2nd period - Stopped by Kari Lehtonen with a rebound.
11:54 of 2nd period - Snap shot by Brent Burns.
11:54 of 2nd period - Shot Misses the Net.
11:56 of 2nd period - Slapshot by Jeff Schultz.
11:56 of 2nd period - Stopped by Kari Lehtonen without a rebound.
11:57 of 2nd period - Pierre-Marc Bouchard wins face-off versus Derek Stepan in Jets zone.
12:12 of 2nd period - Wrist shot by Pierre-Marc Bouchard.
12:12 of 2nd period - Stopped by Kari Lehtonen with a rebound.
12:25 of 2nd period - Minor Penalty to Loui Eriksson for Roughing.
12:26 of 2nd period - Derek Roy wins face-off versus Henrik Zetterberg in Lightning zone.
12:27 of 2nd period - Snap shot by Benoit Pouliot.
12:27 of 2nd period - Shot Misses the Net.
13:42 of 2nd period - Slapshot by John Carlson.
13:42 of 2nd period - Stopped by Kari Lehtonen with a rebound.
14:25 of 2nd period - Penalty to Loui Eriksson is over, Loui Eriksson is back on ice.
15:35 of 2nd period - Snap shot by Kris Versteeg.
15:35 of 2nd period - Goal by Kris Versteeg - Jets : 1 - Lightning : 2.
15:36 of 2nd period - Derek Roy wins face-off versus Robert Nilsson in neutral zone.
15:45 of 2nd period - Snap shot by Robert Nilsson.
15:45 of 2nd period - Deflect By Henrik Zetterberg.
15:45 of 2nd period - Shot Misses the Net.
15:45 of 2nd period - Puck is out of play.
15:46 of 2nd period - Derek Roy wins face-off versus Robert Nilsson in Jets zone.
16:04 of 2nd period - Slapshot by John Carlson.
16:04 of 2nd period - Stopped by Kari Lehtonen with a rebound.
16:06 of 2nd period - Wrist shot by Kris Versteeg.
16:06 of 2nd period - Stopped by Kari Lehtonen with a rebound.
16:08 of 2nd period - Wrist shot by Henrik Zetterberg.
16:08 of 2nd period - Stopped by Kari Lehtonen without a rebound.
16:09 of 2nd period - Daniel Carcillo wins face-off versus Derek Stepan in Jets zone.
16:55 of 2nd period - Justin Falk is hit by Jordan Nolan and loses puck.
17:03 of 2nd period - Kevin Klein is hit by Jordan Nolan.
17:17 of 2nd period - Wrist shot by Pierre-Marc Bouchard.
17:17 of 2nd period - Stopped by Kari Lehtonen without a rebound.
17:18 of 2nd period - Pierre-Marc Bouchard wins face-off versus James Wright in Jets zone.
17:27 of 2nd period - Wrist shot by Steve Bernier.
17:27 of 2nd period - Shot Misses the Net.
18:27 of 2nd period - Slapshot by John Carlson.
18:27 of 2nd period - Stopped by Kari Lehtonen with a rebound.
18:29 of 2nd period - Wrist shot by John Carlson.
18:29 of 2nd period - Stopped by Kari Lehtonen without a rebound.
18:30 of 2nd period - Joe Colborne wins face-off versus Pierre-Marc Bouchard in Jets zone.
18:39 of 2nd period - Snap shot by Pierre-Marc Bouchard.
18:39 of 2nd period - Stopped by Kari Lehtonen without a rebound.
18:40 of 2nd period - Derek Roy wins face-off versus Robert Nilsson in Jets zone.
18:50 of 2nd period - Wrist shot by Henrik Zetterberg.
18:50 of 2nd period - Stopped by Kari Lehtonen with a rebound.
18:52 of 2nd period - Wrist shot by Robert Nilsson.
18:52 of 2nd period - Stopped by Kari Lehtonen with a rebound.
18:54 of 2nd period - Slapshot by Jeff Schultz.
18:54 of 2nd period - Shot Blocked by Marco Scandella.
19:26 of 2nd period - Sheldon Keefe is hit by Marco Scandella and loses puck.
19:49 of 2nd period - Henrik Zetterberg is hit by Shea Weber and loses puck.
Goals for this period are 1 for Jets vs 1 for Lightning .
Shots for this period are 8 for Jets vs 18 for Lightning .
3rd period
0:01 of 3rd period - Robert Nilsson wins face-off versus Derek Roy in neutral zone.
0:16 of 3rd period - Slapshot by Dustin Brown.
0:16 of 3rd period - Stopped by Jaroslav Halak with a rebound.
1:35 of 3rd period - Wrist shot by Dustin Brown.
1:35 of 3rd period - Shot Misses the Net.
2:13 of 3rd period - Slapshot by Lee Stempniak.
2:13 of 3rd period - Shot Blocked by Andy Rogers.
2:15 of 3rd period - Snap shot by Joe Colborne.
2:15 of 3rd period - Stopped by Jaroslav Halak without a rebound.
2:16 of 3rd period - Joe Colborne wins face-off versus Pierre-Marc Bouchard in Lightning zone.
2:23 of 3rd period - Snap shot by Lee Stempniak.
2:23 of 3rd period - Stopped by Jaroslav Halak with a rebound.
2:25 of 3rd period - Slapshot by Joe Colborne.
2:25 of 3rd period - Stopped by Jaroslav Halak without a rebound.
2:26 of 3rd period - Pierre-Marc Bouchard wins face-off versus Derek Roy in Lightning zone.
2:49 of 3rd period - Snap shot by Pierre-Marc Bouchard.
2:49 of 3rd period - Shot Misses the Net.
2:59 of 3rd period - Wrist shot by Pierre-Marc Bouchard.
2:59 of 3rd period - Goal by Pierre-Marc Bouchard - Jets : 1 - Lightning : 3.
3:00 of 3rd period - Derek Stepan wins face-off versus Robert Nilsson in neutral zone.
3:21 of 3rd period - Benoit Pouliot is hit by Kris Versteeg and loses puck.
4:14 of 3rd period - Icing by Pierre-Luc Létourneau.
4:15 of 3rd period - Derek Stepan wins face-off versus Pierre-Luc Létourneau in Lightning zone.
4:16 of 3rd period - Snap shot by Alexander Frolov.
4:16 of 3rd period - Shot Misses the Net.
4:18 of 3rd period - Snap shot by Devin Setoguchi.
4:18 of 3rd period - Jets goal is going for a video replay.
4:18 of 3rd period - The goal is good.
4:18 of 3rd period - Goal by Devin Setoguchi - Jets : 2 - Lightning : 3.
4:19 of 3rd period - Robert Nilsson wins face-off versus Derek Roy in neutral zone.
5:10 of 3rd period - Snap shot by Joe Colborne.
5:10 of 3rd period - Shot Blocked by John Carlson.
6:08 of 3rd period - Wrist shot by Sheldon Keefe.
6:08 of 3rd period - Shot Misses the Net.
6:16 of 3rd period - Minor Penalty to Kevin Klein for Tripping.
6:17 of 3rd period - Erik Haula wins face-off versus Robert Nilsson in Jets zone.
6:21 of 3rd period - Off-side.
6:22 of 3rd period - Robert Nilsson wins face-off versus Erik Haula in neutral zone.
6:25 of 3rd period - Marco Scandella is hit by Kris Versteeg and loses puck.
8:16 of 3rd period - Penalty to Kevin Klein is over, Kevin Klein is back on ice.
8:23 of 3rd period - Shea Weber is hit by Jordan Nolan and loses puck.
8:36 of 3rd period - Slapshot by Dustin Brown.
8:36 of 3rd period - Shot Blocked by Andy Rogers.
8:38 of 3rd period - Slapshot by Kevin Klein.
8:38 of 3rd period - Shot Misses the Net.
8:40 of 3rd period - Snap shot by Erik Haula.
8:40 of 3rd period - Shot Misses the Net.
8:42 of 3rd period - Snap shot by Dustin Brown.
8:42 of 3rd period - Shot Misses the Net.
9:04 of 3rd period - Slapshot by John Carlson.
9:04 of 3rd period - Stopped by Kari Lehtonen with a rebound.
9:06 of 3rd period - Snap shot by Sheldon Keefe.
9:06 of 3rd period - Goal by Sheldon Keefe - Jets : 2 - Lightning : 4.
9:07 of 3rd period - Henrik Zetterberg wins face-off versus Devin Setoguchi in neutral zone.
9:49 of 3rd period - Slapshot by Joe Colborne.
9:49 of 3rd period - Stopped by Jaroslav Halak without a rebound.
9:50 of 3rd period - Jordan Nolan wins face-off versus Joe Colborne in Lightning zone.
9:50 of 3rd period - Jordan Nolan is hit by Anton Volchenkov.
10:04 of 3rd period - Wrist shot by Joe Colborne.
10:04 of 3rd period - Shot Misses the Net.
10:26 of 3rd period - Wrist shot by Kris Versteeg.
10:26 of 3rd period - Stopped by Kari Lehtonen with a rebound.
10:40 of 3rd period - Snap shot by Daniel Carcillo.
10:40 of 3rd period - Shot Misses the Net.
11:39 of 3rd period - Wrist shot by James Wright.
11:39 of 3rd period - Shot Blocked by Jeff Schultz.
11:41 of 3rd period - Slapshot by Erik Haula.
11:41 of 3rd period - Stopped by Jaroslav Halak with a rebound.
12:03 of 3rd period - Snap shot by Benoit Pouliot.
12:03 of 3rd period - Goal by Benoit Pouliot - Jets : 3 - Lightning : 4.
12:04 of 3rd period - Derek Roy wins face-off versus Robert Nilsson in neutral zone.
12:40 of 3rd period - Snap shot by Derek Stepan.
12:40 of 3rd period - Shot Blocked by Brent Burns.
12:58 of 3rd period - Anton Volchenkov is hit by Jordan Nolan and loses puck.
13:30 of 3rd period - Snap shot by Dustin Brown.
13:30 of 3rd period - Shot Misses the Net.
13:32 of 3rd period - Snap shot by Derek Roy.
13:32 of 3rd period - Stopped by Jaroslav Halak without a rebound.
13:33 of 3rd period - Derek Roy wins face-off versus Pierre-Marc Bouchard in Lightning zone.
13:37 of 3rd period - Minor Penalty to Justin Schultz for Goalie Interference.
13:38 of 3rd period - Derek Roy wins face-off versus Henrik Zetterberg in Lightning zone.
13:49 of 3rd period - Minor Penalty to Brent Burns for Hooking.
13:50 of 3rd period - Dustin Brown wins face-off versus Henrik Zetterberg in Lightning zone.
14:03 of 3rd period - Henrik Zetterberg is hit by Derek Roy and loses puck.
14:22 of 3rd period - Wrist shot by Derek Stepan.
14:22 of 3rd period - Deflect By Devin Setoguchi.
14:22 of 3rd period - Stopped by Jaroslav Halak without a rebound.
14:23 of 3rd period - Henrik Zetterberg wins face-off versus Derek Stepan in Lightning zone.
15:37 of 3rd period - Penalty to Justin Schultz is over, Justin Schultz is back on ice.
15:49 of 3rd period - Penalty to Brent Burns is over, Brent Burns is back on ice.
16:00 of 3rd period - Icing by Justin Schultz.
16:01 of 3rd period - Sheldon Keefe wins face-off versus James Wright in Lightning zone.
16:01 of 3rd period - Sheldon Keefe is hit by Erik Haula.
17:13 of 3rd period - Steve Bernier is hit by Derek Roy and loses puck.
17:42 of 3rd period - Snap shot by Josh Bailey.
17:42 of 3rd period - Shot Blocked by Steve Bernier.
17:55 of 3rd period - Devin Setoguchi is hit by Daniel Carcillo and loses puck.
18:22 of 3rd period - Daniel Carcillo is hit by Benoit Pouliot and loses puck.
18:39 of 3rd period - Joe Colborne is hit by Reilly Smith and loses puck.
18:59 of 3rd period - Snap shot by Kris Versteeg.
18:59 of 3rd period - Shot Misses the Net.
19:01 of 3rd period - Wrist shot by Kris Versteeg.
19:01 of 3rd period - Stopped by Kari Lehtonen without a rebound.
19:02 of 3rd period - Marc Crawford call a timeout for Jets.
19:02 of 3rd period - Derek Roy wins face-off versus Kris Versteeg in Jets zone.
19:27 of 3rd period - Snap shot by Robert Nilsson.
19:27 of 3rd period - Stopped by Kari Lehtonen with a rebound.
19:49 of 3rd period - Jets, Kari Lehtonen is pulled from the net.
19:55 of 3rd period - Snap shot by Benoit Pouliot.
19:55 of 3rd period - Stopped by Jaroslav Halak with a rebound.
Goals for this period are 2 for Jets vs 2 for Lightning .
Shots for this period are 11 for Jets vs 6 for Lightning .
Back to the Top